 Dungeon Crawl Stone Soup version 0.22-a0-412-g2b68d144a4 (webtiles) character file.

150237 Kriby the Brawler (level 16, -1/148 HPs)
             Began as a Troll Monk on May 12, 2018.
             Was the Champion of Hepliaklqana.
             Killed by divine providence
             ... invoked by a smoke demon
              (12 damage)
             ... on level 3 of the Abyss.
             The game lasted 00:42:30 (25701 turns).

Kriby the Brawler (Troll Monk)                     Turns: 25701, Time: 00:42:30

Health: -1/148     AC: 12    Str: 27 (28) XL:     16   Next: 68%
Magic:  17/17      EV: 15    Int:  6      God:    Hepliaklqana [******]
Gold:   284        SH: 20    Dex: 13 (15) Spells: 15/15 levels left

rFire    + . .     SeeInvis +     - Unarmed
rCold    + + .     Gourm    +   A - +0 large shield
rNeg     . . .     Faith    .   E - +1 troll leather armour {Snorg}
rPois    +         Spirit   .   x - +1 hat {SInv}
rElec    +         Reflect  .   s - +2 cloak {MR+}
rCorr    +         Harm     .   (gloves unavailable)
MR       +++..                  (boots unavailable)
Stlth    +.........             P - amulet of Apnuest {Regen+ Dex+3}
HPRegen  1.54/turn              q - ring of protection from magic
MPRegen  0.15/turn              C - ring of protection from cold

@: resistant, flying, very slightly contaminated, hasted, very quick
A: large, unfitting armour, reduced essence, claws 3, fast metabolism 3,
gourmand, regeneration 1, shaggy fur 1, tough skin 2, [subdued magic 1]
}: 1/15 runes: abyssal
a: Recall Ancestor, Ancestor Identity, Transference, Idealise, Renounce Religion


You were on level 3 of the Abyss.
You worshipped Hepliaklqana.
Hepliaklqana was exalted by your worship.
You were very full.

You visited 5 branches of the dungeon, and saw 27 of its levels.
You visited the Abyss 1 time.
You also visited: Ice Cave.

You collected 2325 gold pieces.
You spent 2041 gold pieces at shops.

Inventory:

Missiles
 w - 16 large rocks (quivered)
 R - 18 poisoned javelins
Armour
 s - a +2 cloak of magic resistance (worn)
 x - a +1 hat of see invisible (worn)
 A - a +0 large shield (worn)
 E - a +1 troll leather armour (worn) {Snorg}
 O - a scarf of resistance
Jewellery
 a - an uncursed ring of protection from cold
 q - a ring of protection from magic (left claw)
 v - an uncursed ring of protection from magic
 C - a ring of protection from cold (right claw)
 N - an uncursed ring of protection from magic
 P - the amulet of Apnuest (around neck) {Regen+ Dex+3}
   (You bought it in a shop on level 15 of the Dungeon)

   [amulet of regeneration]

   It affects your dexterity (+3).
   It increases your rate of regeneration.
Wands
 h - a wand of flame (60)
 n - a wand of random effects (9)
 p - a wand of paralysis (40)
 y - a wand of polymorph (64)
 M - a wand of digging (21)
Scrolls
 f - 13 scrolls of remove curse
 g - 6 scrolls of teleportation
 i - 24 scrolls of identify
 j - a scroll of immolation
 l - 4 scrolls of amnesia
 r - 2 scrolls of noise
 D - a scroll of enchant weapon
 G - a scroll of fog
 H - a scroll of magic mapping
Potions
 c - a potion of lignification
 d - 2 potions of magic
 e - 2 potions of brilliance
 k - 13 potions of curing
 m - 3 potions of agility
 o - 2 potions of flight
 t - 4 potions of cancellation
 u - 3 potions of haste
 z - 2 potions of resistance
 F - 5 potions of heal wounds
 J - 2 potions of degeneration
 K - 4 potions of might
Comestibles
 b - 48 rations


   Skills:
 + Level 11.6 Fighting
 + Level 11.7 Dodging
 - Level 1.0 Stealth
 * Level 12.3 Shields
 * Level 18.1 Unarmed Combat
 + Level 2.7 Invocations


You had 15 spell levels left.
You didn't know any spells.
Your spell library contained the following spells:

 Spells                   Type           Power        Failure   Level  Hunger
 Apportation              Tloc           #.....       65%         1    ##.....
 Conjure Flame            Conj/Fire      #.......     95%         3    ####...
 Bolt of Magma            Conj/Fire/Erth #.........   100%        5    ######.
 Confuse                  Hex            #.......     95%         3    ####...
 Invisibility             Hex            #.......     100%        6    #######
 Freezing Cloud           Conj/Ice/Air   #.........   100%        6    #######
 Mephitic Cloud           Conj/Pois/Air  #.......     95%         3    ####...
 Ring of Flames           Chrm/Fire      #.........   100%        7    #######
 Venom Bolt               Conj/Pois      #.........   100%        5    ######.
 Tukima's Dance           Hex            #.......     95%         3    ####...
 Iron Shot                Conj/Erth      #.........   100%        6    #######
 Statue Form              Tmut/Erth      #........    100%        6    #######
 Dragon Form              Tmut           #.........   100%        7    #######
 Confusing Touch          Hex            #.....       65%         1    ##.....
 Metabolic Englaciation   Hex/Ice        #.........   100%        5    ######.
 Summon Butterflies       Summ           #.......     65%         1    ##.....
 Shatter                  Erth           #.........   100%        9    #######
 Alistair's Intoxication  Tmut/Pois      #.......     100%        5    ######.
 Lee's Rapid Deconstruct  Erth           #.........   100%        5    ######.
 Sandblast                Erth           #.....       65%         1    ##.....
 Petrify                  Tmut/Erth      #.......     100%        4    #####..
 Orb of Destruction       Conj           #.........   100%        7    #######
 Iskenderun's Battlesphe  Conj/Chrm      #.......     100%        5    ######.
 Spellforged Servitor     Conj/Summ      #.........   100%        7    #######
 Hydra Form               Tmut           #.........   100%        6    #######
 Irradiate                Conj/Tmut      #.........   100%        5    ######.
 Gell's Gravitas          Tloc           #.........   95%         3    ####...
 Yara's Violent Unravell  Hex/Tmut       #.........   100%        5    ######.
 Lesser Beckoning         Tloc           #.........   95%         3    ####...
 Poisonous Vapours        Pois/Air       #.....       80%         2    ###....


Dungeon Overview and Level Annotations

Branches:
Dungeon (15/15)            Temple (1/1) D:5            Lair (6/6) D:11
 Shoals (3/4) Lair:3        Snake (0/4) Lair:4        Slime (0/5) Lair:6
    Orc (2/2) D:11            Elf (0/3) Orc:2        Vaults (0/5) D:13
 Depths (0/5) D:15

Altars:
Ashenzari
Cheibriados
Dithmenos
Elyvilon
Gozag
Hepliaklqana
Kikubaaqudgha
Makhleb
Ru
Trog
Uskayaw
Wu Jian
Yredelemnul
The Shining One
Beogh

Shops:
D:9 *   D:10 !   D:15 ([*=   Orc:1 =   Orc:2 :![!

Portals:
Pandemonium: Orc:2
Trove: D:10 (give 13 potions of heal wounds)

Annotations:
Shoals:1 exclusion: Roxanne, Roxanne
Shoals:3 Ilsuiw


Innate Abilities, Weirdness & Mutations

You are too large for most types of armour.
You have claws for hands.
Your metabolism is lightning-fast.
You like to eat raw meat.
Your natural rate of healing is unusually fast.
You are covered in fur. (AC +1)
You have very tough skin. (AC +2)
Your life essence is reduced to manifest your ancestor. (-10% HP)
[Your spells are a little easier to cast, but a little less powerful.]


Message History

The bolt of electricity hits the raiju.
The raiju completely resists.
The bolt of electricity hits you! You resist.
* * * LOW HITPOINT WARNING * * *
The bolt of electricity hits the raiju.
The raiju completely resists.
The lightning spire shoots out a bolt of lightning at you!
The bolt of electricity hits you! You resist.
The bolt of electricity hits the lightning spire.
The lightning spire completely resists.
You hear a shout!
Okay, then.
Okay, then.
Okay, then.
Okay, then.
You feel yourself speed up.
The merfolk impaler hits you from afar with a trident of piercing!
* * * LOW HITPOINT WARNING * * *
x2 The raiju closely misses you.
The smoke demon gestures at you. Something smites you!
You die...

...# ...#p # #.#...
.. ####.....#
#.###....3..#..
#.#≈≈≈8m8≈≈≈.#.#.
...≈2≈.≈.≈≈≈.#..#
#8..h@h..8.∩..#
#.≈≈≈h≈h≈3≈..#.#
##≈≈≈8≈8≈≈≈#...####
#.###.##R##.#.#§#
## # ##. #....## .
.# . #
.###>.#.#.###. ###
..# ...#..# ##...
...## .#
#[......###..#


You could see the friendly Nozipho the hexer, a merfolk impaler, a blizzard
demon, a hell knight, 2 smoke demons, 4 raiju and 6 lightning spires.

Vanquished Creatures
  Saint Roka (Orc:2)
  A kraken (Shoals:1)
  Agnes (D:15)
  Gastronok (D:9)
  Kirke (Shoals:3)
  2 frost giants
  A stone giant (Orc:1)
  Nessos (Orc:2)
  2 ettins (Orc:1)
  The ghost of epok the Martial Artist, a journeyman DsGl of Makhleb (D:12)
  A blizzard demon (Abyss:3)
  A merfolk javelineer (Shoals:2)
  2 merfolk impalers
  The ghost of htuhola the Fighter, a journeyman MiAK of Lugonu (D:12)
  An ice dragon (Lair:6)
  A rakshasa (D:15)
  4 hydras
  2 merfolk avatars (Shoals:3)
  2 centaur warriors (D:15)
  2 dancing weapons (D:13)
  A death yak (IceCv)
  2 ogre magi (D:15)
  15 two-headed ogres
  Urug (Lair:5)
  6 orc high priests (Orc:2)
  A soul eater (Orc:2)
  A sun demon (Orc:2)
  Sonja (Lair:2)
  A wretched star (Abyss:3)
  5 sea snakes
  An unseen horror (D:15)
  A torturous demonspawn (Orc:2)
  2 infernal demonspawn (Orc:2)
  The ghost of ciphuk the Covert, a novice FeEn of Dithmenos (D:12)
  A wizard (D:15)
  A large abomination (Abyss:3)
  4 harpies
  5 orc knights
  A deep elf mage (D:15)
  7 orc sorcerers (Orc:2)
  12 ugly things
  5 fauns (Shoals:1)
  3 cyclopes
  10 slime creatures
  3 manticores
  2 black mambas
  4 merfolk sirens
  A smoke demon (Abyss:3)
  2 water nymphs
  Joseph (D:9)
  An orange demon (Orc:2)
  4 spiny frogs
  3 gargoyles
  6 komodo dragons
  A kobold demonologist (D:15)
  A rime drake (Lair:3)
  A yaktaur (shapeshifter) (D:15)
  A yaktaur (D:15)
  An ice devil (Orc:2)
  5 trolls
  26 polar bears
  A queen bee (Lair:1)
  19 merfolk
  2 wind drakes
  7 hornets
  6 blink frogs
  4 snapping turtles
  8 dream sheep
  4 hippogriffs
  A centaur simulacrum (D:15)
  2 vampires
  12 spriggans
  3 shadows
  6 wyverns
  A ynoxinul (Orc:2)
  5 wraiths
  A hungry ghost (D:8)
  2 hogs
  34 yaks
  4 basilisks
  A chaos spawn (Orc:2)
  4 vampire mosquitoes (D:12)
  3 steam dragons
  A small abomination (Abyss:3)
  4 nagas (Lair:4)
  A soldier ant (D:12)
  4 wargs
  8 water moccasins
  2 porcupines (Lair:1)
  33 orc warriors
  7 ice beasts
  6 sky beasts
  2 phantoms
  5 black bears
  30 wolves
  13 centaurs
  An eye of draining (D:13)
  11 ogres
  5 boggarts (Lair:6)
  A big kobold (D:6)
  10 crocodiles
  Blork the orc (D:6)
  10 bullfrogs
  4 scorpions
  A wyvern skeleton (D:12)
  10 killer bees (Lair:1)
  2 wights (D:7)
  3 howler monkeys
  An electric eel (D:15)
  4 jellies
  9 crimson imps
  2 bullfrog zombies
  5 centaur skeletons
  27 orc wizards
  A human zombie (Abyss:2)
  32 orc priests
  5 hounds
  Jessica (D:2)
  2 iguanas
  13 worker ants
  A hound zombie (D:3)
  2 hound skeletons
  A worker ant zombie (D:6)
  21 adders
  4 shadow imps
  5 white imps
  3 adder skeletons
  4 dart slugs
  A leopard gecko (D:5)
  103 orcs
  5 giant cockroaches
  9 goblins
  3 hobgoblins
  11 jackals
  6 kobolds
  5 quokkas
  3 ball pythons
  9 bats
  4 frilled lizards
  A jackal skeleton (D:4)
  A quokka zombie (D:8)
  8 rats
  A plant (Lair:4)
  5 tentacles (Shoals:1)
803 creatures vanquished.

Vanquished Creatures (collateral kills)
  Snorg (Lair:3)
  Josephine (D:13)
  A centaur warrior (D:14)
  A two-headed ogre (D:11)
  2 merfolk avatars
  A sea snake (Shoals:2)
  A harpy (Shoals:1)
  A manticore (D:15)
  A faun (Shoals:1)
  A water nymph (Shoals:2)
  A merfolk siren (Shoals:1)
  A centaur zombie (D:13)
  A centaur skeleton (D:13)
  A spiny frog (Lair:6)
  2 merfolk (Shoals:2)
  A polar bear (IceCv)
  A troll (D:13)
  A blink frog (Lair:4)
  4 hippogriffs
  A slime creature (D:13)
  2 dream sheep
  A spriggan (Lair:6)
  2 wyverns
  3 yaks
  A chaos spawn (Orc:2)
  A vampire mosquito (D:12)
  A basilisk (Lair:4)
  3 water moccasins
  A porcupine (Lair:2)
  An orc warrior (Orc:2)
  4 wolves
  2 centaurs (D:14)
  A crocodile (Lair:4)
  4 killer bees (Lair:1)
  A wight (D:7)
  A bullfrog skeleton (D:12)
  3 hounds
  3 orc priests
  A jelly (D:14)
  3 orc wizards
  An ufetubus (D:15)
  16 orcs
  A jackal (D:11)
  A kobold (D:6)
  A fungus (Lair:6)
  A plant (Shoals:2)
  A tentacle (Shoals:1)
86 creatures vanquished.

Vanquished Creatures (others)
  A polar bear (IceCv)
  2 wolves (IceCv)
  5 killer bees (Lair:1)
  24 hexers
  A quokka (D:15)
  5 fungi (Lair:6)
  9 plants
  15 tentacles (Shoals:1)
62 creatures vanquished.

Grand Total: 951 creatures vanquished

Notes
Turn   | Place    | Note
-------+----------+-------------------------------------------
     0 | D:1      | Kriby the Troll Monk began the quest for the Orb.
     0 | D:1      | Reached XP level 1. HP: 22/22 MP: 0/0
    61 | D:1      | Reached XP level 2. HP: 29/29 MP: 1/1
   524 | D:2      | Reached XP level 3. HP: 36/36 MP: 2/2
   529 | D:2      | Noticed Jessica
   532 | D:2      | Killed Jessica
   532 | D:2      | Reached skill level 4 in Unarmed Combat
   737 | D:2      | Reached XP level 4. HP: 33/44 MP: 3/3
   772 | D:2      | Found an ancient bone altar of Kikubaaqudgha.
  1728 | D:3      | Found an ornate altar of the Wu Jian Council.
  1968 | D:3      | Reached XP level 5. HP: 18/53 MP: 4/4
  1968 | D:3      | HP: 2/53 [orc priest/divine providence (12)]
  2501 | D:4      | Reached skill level 5 in Unarmed Combat
  2513 | D:4      | Reached XP level 6. HP: 57/61 MP: 5/5
  3162 | D:4      | Reached skill level 6 in Unarmed Combat
  3203 | D:4      | Reached XP level 7. HP: 68/68 MP: 6/6
  3340 | D:5      | Entered Level 5 of the Dungeon
  3627 | D:5      | Reached skill level 7 in Unarmed Combat
  3705 | D:5      | Reached XP level 8. HP: 64/79 MP: 7/7
  3963 | D:5      | Reached skill level 5 in Fighting
  3963 | D:5      | Reached skill level 5 in Dodging
  3963 | D:5      | Reached skill level 8 in Unarmed Combat
  4026 | D:5      | Found a staircase to the Ecumenical Temple.
  4276 | Temple   | Entered the Ecumenical Temple
  4298 | Temple   | Became a worshipper of Hepliaklqana the Forgotten
  4298 | Temple   | Reached * piety under Hepliaklqana
  4298 | Temple   | Reached ** piety under Hepliaklqana
  4299 | Temple   | Remembered your ancestor Nozipho as a hexer
  4515 | D:6      | Noticed Blork the orc
  4525 | D:6      | Killed Blork the orc
  4872 | D:6      | Found a basalt altar of Yredelemnul.
  5200 | D:7      | Reached *** piety under Hepliaklqana
  5253 | D:7      | Reached XP level 9. HP: 56/79 MP: 8/8
  5262 | D:7      | Reached skill level 9 in Unarmed Combat
  5323 | D:7      | Noticed a five-headed hydra
  5334 | D:7      | Killed a five-headed hydra
  5692 | D:7      | Found an opulent altar of Gozag.
  5751 | D:7      | Reached skill level 10 in Unarmed Combat
  5813 | D:8      | Noticed a two-headed ogre
  5818 | D:8      | Killed a two-headed ogre
  5983 | D:8      | Reached XP level 10. HP: 72/90 MP: 9/9
  6023 | D:8      | Reached skill level 11 in Unarmed Combat
  6157 | D:8      | Noticed a two-headed ogre
  6164 | D:8      | Killed a two-headed ogre
  6511 | D:8      | Found a sacrificial altar of Ru.
  6512 | D:8      | Found a bloodstained altar of Trog.
  7327 | D:9      | Reached skill level 12 in Unarmed Combat
  7450 | D:9      | Reached **** piety under Hepliaklqana
  7570 | D:9      | Noticed Joseph
  7579 | D:9      | Killed Joseph
  7579 | D:9      | Reached XP level 11. HP: 64/98 MP: 5/10
  7729 | D:9      | Noticed Gastronok
  7752 | D:9      | Killed Gastronok
  7990 | D:9      | Found Plog's Assorted Antiques.
  8003 | D:9      | Bought a large shield for 139 gold pieces
  8003 | D:9      | Bought a scroll of blinking for 232 gold pieces
  8003 | D:9      | Bought a fizzy orange potion for 27 gold pieces
  8217 | D:10     | Entered Level 10 of the Dungeon
  8261 | D:10     | Reached skill level 1 in Shields
  8460 | D:10     | Found a portal to a secret trove of treasure.
  8761 | D:10     | Found Yserhar's Distillery.
  9133 | D:11     | Noticed a cyan ugly thing
  9143 | D:11     | Killed a cyan ugly thing
  9283 | D:11     | Found a staircase to the Orcish Mines.
  9309 | D:11     | Found a roughly hewn altar of Beogh.
  9358 | D:11     | Reached ***** piety under Hepliaklqana
  9403 | D:11     | Noticed a two-headed ogre
  9443 | D:11     | Killed a two-headed ogre
  9443 | D:11     | Reached skill level 13 in Unarmed Combat
  9890 | D:11     | Noticed a two-headed ogre
  9904 | D:11     | Killed a two-headed ogre
  9997 | D:11     | Found a staircase to the Lair.
 10300 | Lair:1   | Entered Level 1 of the Lair of Beasts
 10479 | Lair:1   | Reached XP level 12. HP: 109/109 MP: 11/11
 11031 | Lair:1   | Noticed a six-headed hydra
 11041 | Lair:1   | Killed a six-headed hydra
 11299 | Lair:2   | Reached skill level 5 in Shields
 11813 | Lair:2   | Noticed Sonja
 11820 | Lair:2   | Killed Sonja
 12139 | Lair:3   | Found a staircase to the Shoals.
 12350 | Lair:3   | Noticed Snorg
 12359 | Lair:3   | Killed Snorg
 12359 | Lair:3   | Reached skill level 14 in Unarmed Combat
 12849 | Lair:4   | Found a staircase to the Snake Pit.
 13778 | Lair:5   | Noticed Urug
 13794 | Lair:5   | Killed Urug
 13922 | Lair:5   | Reached XP level 13. HP: 100/117 MP: 8/12
 14537 | Lair:6   | Entered Level 6 of the Lair of Beasts
 15224 | Lair:6   | Reached ****** piety under Hepliaklqana
 15310 | Lair:6   | Reached skill level 15 in Unarmed Combat
 15796 | Lair:6   | Found a staircase to the Slime Pits.
 16377 | D:12     | Noticed ciphuk's ghost (novice FeEn)
 16384 | D:12     | Killed ciphuk's ghost
 16404 | D:12     | Noticed htuhola's ghost (journeyman MiAK)
 16423 | D:12     | Killed htuhola's ghost
 16488 | D:12     | Noticed epok's ghost (journeyman DsGl)
 16501 | D:12     | Killed epok's ghost
 17143 | D:13     | Reached skill level 10 in Dodging
 17143 | D:13     | Reached XP level 14. HP: 102/126 MP: 10/13
 17356 | D:13     | Found a gate to the Vaults.
 17358 | D:13     | Reached skill level 10 in Fighting
 17450 | D:13     | Noticed Josephine
 17454 | D:13     | Killed Josephine
 18249 | D:14     | Found a shadowy altar of Dithmenos.
 19041 | D:15     | Entered Level 15 of the Dungeon
 19093 | D:15     | Found a frozen archway.
 19136 | D:15     | Reached skill level 16 in Unarmed Combat
 19204 | IceCv    | Entered an ice cave
 19303 | IceCv    | Identified the Catalogue of the Robin
 19656 | IceCv    | Noticed a frost giant
 19681 | IceCv    | Killed a frost giant
 19857 | D:15     | Reached skill level 10 in Shields
 20068 | D:15     | Found Osinits's Antique Weapon Boutique.
 20069 | D:15     | Found Ruci's Assorted Antiques.
 20072 | D:15     | Found Rukhlywa's Antique Armour Boutique.
 20073 | D:15     | Found Qegayh's Jewellery Boutique.
 20118 | D:15     | Reached XP level 15. HP: 127/136 MP: 12/14
 20170 | D:15     | Noticed Agnes
 20213 | D:15     | Killed Agnes
 20474 | D:15     | Bought the amulet of Apnuest {Regen+ Dex+3} for 736 gold pieces
 20481 | D:15     | Bought a scroll labeled FOULOTAMMO for 43 gold pieces
 20481 | D:15     | Bought a scroll labeled BIDUBBAOFU for 43 gold pieces
 20699 | D:15     | Found a white marble altar of Elyvilon.
 20754 | D:15     | Found a staircase to the Depths.
 20755 | D:15     | Noticed a frost giant
 20768 | D:15     | Killed a frost giant
 21040 | Orc:1    | Entered Level 1 of the Orcish Mines
 21060 | Orc:1    | Found Umax's Jewellery Shoppe.
 21353 | Orc:1    | Reached skill level 17 in Unarmed Combat
 21481 | Orc:1    | Found a roughly hewn altar of Beogh.
 21650 | Orc:2    | Entered Level 2 of the Orcish Mines
 21820 | Orc:2    | Found a roughly hewn altar of Beogh.
 21950 | Orc:2    | Noticed Nessos
 21967 | Orc:2    | Killed Nessos
 22002 | Orc:2    | Found a staircase to the Elven Halls.
 22018 | Orc:2    | Noticed Saint Roka
 22043 | Orc:2    | Killed Saint Roka
 22279 | Orc:2    | Found Wofux's Distillery.
 22307 | Orc:2    | Found Ahim's Distillery.
 22474 | Orc:2    | Bought a potion of heal wounds for 70 gold pieces
 22474 | Orc:2    | Bought 2 potions of might for 112 gold pieces
 22474 | Orc:2    | Bought a potion of might for 56 gold pieces
 22474 | Orc:2    | Bought a potion of curing for 42 gold pieces
 22474 | Orc:2    | Bought a potion of heal wounds for 70 gold pieces
 22474 | Orc:2    | Bought a potion of curing for 42 gold pieces
 22476 | Orc:2    | Bought a potion of curing for 39 gold pieces
 22476 | Orc:2    | Bought a potion of haste for 130 gold pieces
 22476 | Orc:2    | Bought a potion of resistance for 130 gold pieces
 22476 | Orc:2    | Bought 2 potions of heal wounds for 130 gold pieces
 22959 | Orc:2    | Found Liejukhlai's Book Shoppe.
 22959 | Orc:2    | Found Minofet's Antique Armour Emporium.
 22964 | Orc:2    | Found a one-way gate leading to the halls of Pandemonium.
 22973 | Orc:2    | Reached XP level 16. HP: 83/145 MP: 15/15
 23439 | Shoals:1 | Entered Level 1 of the Shoals
 23845 | Shoals:1 | Noticed Roxanne
 23883 | Shoals:1 | Noticed a kraken
 24102 | Shoals:1 | Killed a kraken
 24448 | Shoals:2 | Reached skill level 1 in Invocations
 24904 | Shoals:2 | Reached skill level 18 in Unarmed Combat
 25377 | Shoals:3 | Noticed Kirke
 25415 | Shoals:3 | Killed Kirke
 25555 | Shoals:3 | Noticed Ilsuiw
 25560 | Shoals:3 | Cast into level 2 of the Abyss (merfolk javelineer)
 25589 | Abyss:3  | Found a corrupted altar of Lugonu.
 25699 | Abyss:3  | Got an abyssal rune of Zot
 25701 | Abyss:3  | Killed from afar by a smoke demon

Vault maps used:
D:1:      dpeg_arrival_stonehenge_8_columns, hangedman_decor_riveting,
          serial_bayou_ford_a
D:2:      kiku_gazebo_pond_becter, grunt_ministairs_9, item_on_display_a,
          uniq_jessica
D:3:      marbit_many_paths, kennysheep_minor_cross
D:4:      first_ration
D:5:      temple_hall, serial_curves, eino_curves_02, eino_curves_02
D:6:      kennysheep_mini, uniq_blork_the_orc
D:7:      lemuel_coloured_pillars_altar, the_bakery
D:8:      cheibrodos_steamvent, grunt_temple_overflow_open
D:9:      serial_shops, nicolae_shop_window_shopping, uniq_joseph,
          uniq_gastronok
D:10:     serial_shops, shop, enter_trove_3
D:11:     lair_entry_dummy, minmay_orc_entry_temple_small
D:12:     serial_column_ruins, column_ruins_hut, column_ruins_hut,
          column_ruins_open_tiny, column_ruins_grid_1,
          column_ruins_corridor_corner, column_ruins_grid_3, column_ruins_grid_1
D:13:     erik_vaults_1, uniq_josephine
D:14:     grunt_dithmenos_smoke_and_mirrors
D:15:     grunt_enter_depths_snipers, serial_ice, serial_ice_l, serial_ice_g,
          serial_ice_c, serial_ice_a, serial_ice_n, serial_ice_m,
          portal_ice_cave_entry_pillars_2, elyvilon_altar_4,
          minmay_shop_grid_forest, uniq_agnes
Temple:   eino_temple_scatter_basement
Lair:1:   special_room
Lair:2:   uniq_sonja
Lair:3:   shoals_dummy_entry, uniq_snorg
Lair:4:   minmay_snake_entry_guardpost_small, cheibrodos_lair_reptile_den
Lair:5:   uniq_urug
Lair:6:   minmay_lair_end_enchanted_forest, minmay_slime_entry_pillars,
          bobbens_ice_dragon_lair, serial_bayou_shore_a
Shoals:1: nicolae_shoals_kraken_intersection, uniq_roxanne
Shoals:3: nicolae_shoals_so_close, uniq_kirke, uniq_ilsuiw
Orc:1:    serial_shops, shop, minmay_orc_temple_b
Orc:2:    pf_orc_diabolical, basic_altar, uniq_saint_roka, uniq_nessos
Abyss:2:  hangedman_abyss_or_decor_stagger, onia_ninara_dug_in_and_dangerous,
          evilmike_abyss_exit_glass
Abyss:3:  dshaligram_kb_abyss_rune_zappy_water_cross
IceCv:    ice_cave_caverns_03

Skill      XL: |  1  2  3  4  5  6  7  8  9 10 11 12 13 14 15 16 |
---------------+-------------------------------------------------+-----
Unarmed Combat | 4 5 6 7 8 10 12 13 14 15 16 17 18 | 18.1
Fighting       | 3 4 5 6 7 8 9 10 11 | 11.6
Dodging        | 3 4 5 6 7 8 9 10 11 | 11.7
Shields        | 4 6 8 10 11 12 | 12.3
Invocations    | 2 |  2.7
Stealth        | |  1.0

Action                   |  1- 3 |  4- 6 |  7- 9 | 10-12 | 13-15 | 16-18 || total
-------------------------+-------+-------+-------+-------+-------+-------++-------
Melee: Unarmed           |    59 |   157 |   229 |   554 |  1379 |   342 ||  2720
       Punch             |       |     3 |     5 |    10 |       |       ||    18
Invok: Ancestor Life: He |       |       |     1 |       |       |       ||     1
       Recall Ancestor   |       |       |       |       |     1 |     3 ||     4
Evoke: Wand              |       |       |     1 |     7 |    35 |    28 ||    71
  Use: Potion            |       |     9 |     1 |     3 |     1 |     7 ||    21
       Scroll            |       |     4 |       |     7 |     6 |     7 ||    24
 Stab: Sleeping          |     3 |     3 |     2 |     7 |       |       ||    15
       Distracted        |       |       |     1 |     3 |    15 |     2 ||    21
       Confused          |       |       |     1 |     8 |    11 |     3 ||    23
       Paralysed         |       |       |       |       |     8 |    23 ||    31
  Eat: Chunk             |    12 |    22 |    26 |    79 |    83 |    25 ||   247
Armor: Robe              |    35 |    47 |    53 |    49 |       |       ||   184
       Troll leather arm |       |       |       |    14 |   161 |    56 ||   231
Dodge: Dodged            |    26 |    96 |    97 |   167 |   371 |   119 ||   876
Block: Large shield      |       |       |       |   268 |  1036 |   360 ||  1664

Table legend:
 A = Spawn XP
 B = Non-spawn XP
 C = Spawn XP percentage of total XP
 D = Spawn monster count
 E = Non-spawn monster count
 F = Spawn count percentage of total count
 G = Total turns spent on level
                    A         B        C        D         E        F      G
               +---------+---------+-------+---------+---------+-------+---------
         Total |    2187 |  193867 |   1.1 |       5 |     881 |   0.6 | 25701
               +---------+---------+-------+---------+---------+-------+---------
           D:1 |       0 |      36 |   0.0 |       0 |      21 |   0.0 |   519
           D:2 |       0 |      83 |   0.0 |       0 |      18 |   0.0 |  1121
           D:3 |       0 |     193 |   0.0 |       0 |      27 |   0.0 |  1187
           D:4 |       0 |     429 |   0.0 |       0 |      26 |   0.0 |   513
           D:5 |       0 |    1379 |   0.0 |       0 |      32 |   0.0 |   979
           D:6 |       0 |     383 |   0.0 |       0 |      15 |   0.0 |   706
           D:7 |       0 |    1917 |   0.0 |       0 |      19 |   0.0 |   755
           D:8 |       0 |    4653 |   0.0 |       0 |      31 |   0.0 |  1257
           D:9 |       0 |    4625 |   0.0 |       0 |      22 |   0.0 |  1147
          D:10 |       0 |    2090 |   0.0 |       0 |      17 |   0.0 |   865
          D:11 |       0 |    4995 |   0.0 |       0 |      34 |   0.0 |  1305
          D:12 |       0 |    8021 |   0.0 |       0 |      33 |   0.0 |   755
          D:13 |       0 |   10493 |   0.0 |       0 |      57 |   0.0 |  1326
          D:14 |       0 |    3891 |   0.0 |       0 |      31 |   0.0 |   804
          D:15 |       0 |   31128 |   0.0 |       0 |      55 |   0.0 |  1332
        Lair:1 |       0 |    4854 |   0.0 |       0 |      37 |   0.0 |  1005
        Lair:2 |       0 |    2777 |   0.0 |       0 |      10 |   0.0 |   783
        Lair:3 |       0 |    2593 |   0.0 |       0 |       7 |   0.0 |   910
        Lair:4 |       0 |    4222 |   0.0 |       0 |      27 |   0.0 |   903
        Lair:5 |       0 |    3587 |   0.0 |       0 |      16 |   0.0 |   838
        Lair:6 |       0 |   15578 |   0.0 |       0 |      75 |   0.0 |  1524
      Shoals:1 |       0 |   16182 |   0.0 |       0 |      31 |   0.0 |  1010
      Shoals:2 |       0 |   14499 |   0.0 |       0 |      31 |   0.0 |   889
      Shoals:3 |       0 |    6888 |   0.0 |       0 |       9 |   0.0 |   192
         Orc:1 |       0 |    7184 |   0.0 |       0 |      49 |   0.0 |   768
         Orc:2 |       0 |   28187 |   0.0 |       0 |     106 |   0.0 |  1535
       Abyss:2 |       0 |      41 |   0.0 |       0 |       1 |   0.0 |    19
       Abyss:3 |    2187 |    1129 |  66.0 |       5 |       1 |  83.3 |   122
         IceCv |       0 |   11830 |   0.0 |       0 |      43 |   0.0 |   599
               +---------+---------+-------+---------+---------+-------+---------
